 Dungeon Crawl Stone Soup version bcrawl-1.37.2 (webtiles) character file.

Game seed: 16134502130249291016

359293 Mehrunes the Destroyer (level 11, 0/68 HPs)
             Began as a Mummy Conjurer on Nov 2, 2022.
             Was a High Priest of Sif Muna.
             Slain by a komodo dragon (28 damage)
             ... on level 2 of the Lair of Beasts.
             The game lasted 00:27:18 (12714 turns).

Mehrunes the Destroyer (Mummy Conjurer)            Turns: 12714, Time: 00:27:19

Health: 0/68       AC:  8    Str: 12    XL:     11   Next: 97%
Magic:  32/32      EV: 17    Int: 21    God:    Sif Muna [*****.]
Gold:   634        SH:  0    Dex: 15    Spells: 16/26 levels left

rFire    x . .     GDR:     27% t - +1 whip (freeze)
rCold    + . .     SeeInvis .   (no shield)
rNeg     + + +     Gourm    .   u - +1 robe {RegenMP}
rPois    ∞         Faith    .   D - +1 hat {Int+3}
rElec    .         Spirit   .   x - +0 cloak
rCorr    .         Reflect  .   c - +1 pair of gloves of the Thinker {rPois rN+ Dex+3}
MR       ++...     Clarity  +   g - +0 pair of boots
Stlth    ++........             (no amulet)
HPRegen  0.21/turn              k - ring of protection from magic
MPRegen  0.46/turn              n - ring of magical power

@: no status effects
A: no food or potions, fire vulnerability, clarity, cold resistance 1, negative
energy resistance 3, torment resistance, unbreathing, strong hexes 1
a: Divine Energy, Channel Magic, Forget Spell, Moment of Magic, Renounce
Religion


You were on level 2 of the Lair of Beasts.
You worshipped Sif Muna.
Sif Muna was extremely pleased with you.
You were not hungry.

You visited 3 branches of the dungeon, and saw 13 of its levels.
You also visited: Bailey.

You collected 634 gold pieces.

Inventory:

Hand Weapons
 d - a +0 short sword of venom
 t - a +1 whip of freezing (weapon)
Armour
 a - a +0 robe
 c - the +1 pair of gloves of the Thinker (worn) {rPois rN+ Dex+3}
   (You found it on level 9 of the Dungeon)

   It affects your dexterity (+3).
   It protects you from poison.
   It protects you from negative energy.
 g - a +0 pair of boots (worn)
 j - a +0 helmet
 u - a +1 robe of magic recovery (worn)
 x - a +0 cloak (worn)
 A - a +2 robe of cold resistance
 B - a +0 troll leather armour
 D - a +1 hat of intelligence (worn)
Magical Staves
 E - an uncursed staff of cold
Jewellery
 k - a ring of protection from magic (left hand)
 n - a ring of magical power (right hand)
 v - an uncursed ring of wizardry
 y - an uncursed amulet of the gourmand
Wands
 p - a wand of flame (23)
 r - a wand of charming (7)
 s - a wand of clouds (6)
 w - a wand of disintegration (14)
 z - a wand of acid (11)
 C - a wand of polymorph (8)
Scrolls
 b - 3 scrolls of immolation
 e - 3 scrolls of noise
 f - 4 scrolls of remove curse
 h - 2 scrolls of teleportation
 i - 2 scrolls of identify
 l - a scroll of blinking
 m - a scroll of enchant weapon
 o - 2 scrolls of fog
 q - a scroll of amnesia
 F - 2 scrolls of enchant armour {unknown}


   Skills:
 + Level 8.4 Dodging
 - Level 2.1 Stealth
 - Level 8.0 Spellcasting
 - Level 13.3 Conjurations


You had 16 spell levels left.
You knew the following spells:

 Your Spells              Type           Power        Failure   Level  Hunger
a - Magic Dart            Conj           ####         1%          1    N/A
b - Searing Ray           Conj           ######..     1%          2    N/A
c - Iskenderun's Mystic   Conj           ######..     1%          3    N/A
d - Fulminant Prism       Conj/Hex       ######....   5%          4    N/A

Your spell library contained the following spells:

 Spells                   Type           Power        Failure   Level  Hunger
 Throw Frost              Conj/Ice       #####.       1%          2    N/A
 Dazzling Orbs            Conj/Hex       ######.      1%          3    N/A
 Stone Arrow              Conj/Erth      #####.       1%          3    N/A
 Apportation              Tloc           #.....       8%          1    N/A
 Corona                   Hex            ##.....      8%          1    N/A
 Infusion                 Chrm           #.......     8%          1    N/A
 Necrotize                Necr           #.....       8%          1    N/A
 Sandblast                Erth           #.....       8%          1    N/A
 Slow                     Hex            ##......     8%          1    N/A
 Summon Butterflies       Summ           #.......     8%          1    N/A
 Summon Small Mammal      Summ           #...         8%          1    N/A
 Ensorcelled Hibernation  Hex/Ice        ##....       12%         2    N/A
 Passwall                 Tmut/Erth      #.......     12%         2    N/A
 Irradiate                Conj/Tmut      #####.....   14%         5    N/A
 Confuse                  Hex            ##......     24%         3    N/A
 Tukima's Dance           Hex            ##......     24%         3    N/A
 Vampiric Draining        Necr           #.........   24%         3    N/A
 Bolt of Magma            Conj/Fire/Erth ####......   34%         5    N/A
 Agony                    Necr           #.......     61%         4    N/A
 Animate Dead             Necr           N/A          61%         4    N/A
 Cause Fear               Hex            ##........   61%         4    N/A
 Petrify                  Tmut/Erth      #.........   61%         4    N/A
 Iron Shot                Conj/Erth      #####.....   63%         6    N/A
 Dispel Undead            Necr           #.......     91%         5    N/A
 Lee's Rapid Deconstruct  Erth           #.........   91%         5    N/A
 Icicle Burst             Conj/Ice       #####.....   99%         7    N/A
 Haunt                    Necr/Summ      #.........   100%        7    N/A
 Shatter                  Erth           #.........   100%        9    N/A
 Statue Form              Tmut/Erth      Unusable     N/A         6    N/A

Dungeon Overview and Level Annotations

Branches:
Dungeon (10/12)            Temple (1/1) D:5            Lair (2/6) D:7
  Swamp: Lair:2-4    Shoals: Lair:2-4     Snake: Lair:2-4    Spider: Lair:2-4
    Orc: D:8-11

Altars:
Ashenzari
Cheibriados
Dithmenos
Gozag
Hepliaklqana
Kikubaaqudgha
Lugonu
Makhleb
Nemelex Xobeh
Okawaru
Qazlal
Ru
Sif Muna
Trog
Uskayaw
Vehumet
Wu Jian
Xom
Yredelemnul

Shops:
D:9 !

Annotations:
D:1 1 exclusion
D:3 2 transporters
D:10 exclusion: oklob plant


Innate Abilities, Weirdness & Mutations

You do not eat or drink.
Your flesh is vulnerable to fire.
You are immune to poison.
You possess an exceptional clarity of mind.
Your flesh is cold resistant. (rC+)
You are immune to negative energy. (rN+++)
You are immune to unholy pain and torment.
You can survive without breathing.
Your hexes are more powerful.


Message History

You conjure a prism of explosive energy!
Your fulminant prism crackles loudly.
Your fulminant prism explodes!
The blast of energy engulfs the komodo dragon!
The komodo dragon is moderately wounded.
The blast of energy engulfs you!!
The blast of energy engulfs the plant!!
The plant is moderately damaged.
You hear a shout!
Evoke which item? (* to show all) (? for menu, Esc to quit)
Okay, then.
Unknown command.
Okay, then.
A rime drake comes into view.
The rime drake hisses angrily.
The rime drake breathes ice at you. You partially resist.
The flash freeze hits you!
You are encased in ice.
The ice encasing you melts away. The komodo dragon bites you!!
You die...

≈. P.. .P###
.≈≈.##..P ..#P♣
P≈≈...... .....≈P♣
.≈≈.....# .....≈≈
≈≈≈.P#... ##.....≈
≈≈......###......≈
≈≈...............≈≈
≈........kl@...#
.........####..#
..........# ##..#
..........###...###
#.........###..#.#
##........## #...#
#.........# #..##
#.........# #..#
##........## #..#


You could see a komodo dragon and a rime drake.

Vanquished Creatures
  Gastronok (D:9)
  Fannar (Lair:1)
  2 two-headed ogres
  Pikel (D:5)
  3 cane toads (Lair:1)
  A troll (D:9)
  Grinder (D:6)
  A hornet (D:6)
  3 hippogriffs
  Grum (Lair:1)
  16 yaks
  A hungry ghost (D:5)
  Menkaure (D:7)
  A water moccasin (Lair:1)
  6 crocodiles
  5 porcupines
  2 sky beasts (D:7)
  A black bear (D:6)
  3 ogres
  2 slaves (D:5)
  2 ice beasts
  2 orc warriors
  A necrophage (D:6)
  4 wolves (Lair:1)
  2 bullfrogs
  A kobold brigand (D:9)
  A gnoll sergeant (D:6)
  A centaur (D:9)
  A water moccasin skeleton (D:9)
  3 scorpions (D:7)
  7 wights (D:7)
  5 killer bees (D:9)
  3 orc priests
  6 howler monkeys
  2 bullfrog zombies
  3 crimson imps
  3 hounds
  2 jellies
  A quasit (D:9)
  Crazy Yiuf (D:7)
  6 orc wizards
  3 iguanas
  8 worker ants
  4 hound skeletons
  A howler monkey skeleton (D:6)
  14 gnolls
  9 adders
  An ooze (D:2)
  An adder skeleton (D:4)
  An adder zombie (D:8)
  6 worms
  A dart slug (D:1)
  7 leopard geckos
  18 orcs
  4 giant cockroaches
  9 goblins
  5 hobgoblins
  5 jackals
  2 quokkas
  3 ball pythons
  6 bats
  6 frilled lizards
  15 kobolds
  10 rats
249 creatures vanquished.

Vanquished Creatures (others)
  A human (D:7)
  An adder (D:5)
  9 fulminant prisms
  A fungus (D:7)
  15 plants
27 creatures vanquished.

Grand Total: 276 creatures vanquished

Notes
Turn   | Place    | Note
-------+----------+-------------------------------------------
     0 | D:1      | Mehrunes the Mummy Conjurer began the quest for the Orb.
     0 | D:1      | Reached XP level 1. HP: 13/13 MP: 4/4
   202 | D:1      | Reached XP level 2. HP: 19/19 MP: 0/6
   449 | D:1      | Learned a level 2 spell: Searing Ray
   857 | D:1      | Reached XP level 3. HP: 24/24 MP: 5/8
  1321 | D:2      | Reached skill level 4 in Conjurations
  1321 | D:2      | Reached XP level 4. HP: 29/30 MP: 1/10
  2336 | D:3      | Learned a level 3 spell: Iskenderun's Mystic Blast
  2341 | D:3      | Learned a level 4 spell: Fulminant Prism
  2510 | D:3      | Reached skill level 5 in Spellcasting
  2554 | D:3      | Reached XP level 5. HP: 35/35 MP: 7/12
  2818 | D:3      | Found a transporter.
  2818 | D:3      | Noticed a kobold demonologist
  2845 | D:3      | Found a transporter.
  3391 | D:4      | Reached XP level 6. HP: 41/41 MP: 15/15
  4817 | D:5      | Entered Level 5 of the Dungeon
  4874 | D:5      | Reached skill level 5 in Conjurations
  4874 | D:5      | Reached XP level 7. HP: 34/46 MP: 18/18
  5121 | D:5      | Noticed Pikel
  5143 | D:5      | Killed Pikel
  5144 | D:5      | Reached skill level 7 in Conjurations
  5144 | D:5      | Reached XP level 8. HP: 52/52 MP: 15/20
  5199 | D:5      | Found a staircase to the Ecumenical Temple.
  5218 | Temple   | Entered the Ecumenical Temple
  5391 | Temple   | Became a worshipper of Sif Muna the Loreminder
  5955 | D:6      | Reached skill level 8 in Conjurations
  6018 | D:6      | Noticed a two-headed ogre
  6032 | D:6      | Killed a two-headed ogre
  6033 | D:6      | Reached * piety under Sif Muna
  6033 | D:6      | Reached skill level 9 in Conjurations
  6033 | D:6      | Reached XP level 9. HP: 43/57 MP: 18/21
  6191 | D:6      | Reached ** piety under Sif Muna
  6229 | D:6      | Found a bloodstained altar of Trog.
  6231 | D:6      | Found a sacrificial altar of Ru.
  6231 | D:6      | Found a shadowy altar of Dithmenos.
  6405 | D:6      | Received a gift from Sif Muna
  6464 | D:6      | Reached skill level 10 in Conjurations
  6643 | D:6      | Noticed Grinder
  6656 | D:6      | Killed Grinder
  6657 | D:6      | Reached *** piety under Sif Muna
  7172 | D:7      | Noticed Menkaure
  7185 | D:7      | Killed Menkaure
  7186 | D:7      | Reached skill level 11 in Conjurations
  7322 | D:7      | Reached **** piety under Sif Muna
  7422 | D:7      | Reached XP level 10. HP: 38/63 MP: 20/22
  7500 | D:7      | Found a staircase to the Lair.
  7829 | D:7      | Found an ancient bone altar of Kikubaaqudgha.
  8003 | D:7      | Reached skill level 12 in Conjurations
  8460 | D:7      | Reached ***** piety under Sif Muna
  8484 | D:7      | Found a runed door.
  8650 | D:7      | Identified Sif Muna's Volume of the Freezing Escort (Sif
                  | Muna gifted it to you on level 7 of the Dungeon)
  8650 | D:7      | Received a gift from Sif Muna
  8875 | D:7      | Noticed Crazy Yiuf
  8878 | D:7      | Killed Crazy Yiuf
  9437 | D:8      | Noticed a two-headed ogre
  9444 | D:8      | Killed a two-headed ogre
  9569 | D:8      | Reached skill level 13 in Conjurations
 10006 | D:9      | Reached XP level 11. HP: 63/68 MP: 23/23
 10044 | D:9      | Found a flagged portal.
 10050 | Bailey   | Entered a bailey
 10302 | D:9      | Got a pair of heavily runed gloves
 10384 | D:9      | Found Soimastimoe's Distillery.
 10402 | D:9      | Identified the +1 pair of gloves of the Thinker {rPois rN+
                  | Dex+3} (You found it on level 9 of the Dungeon)
 10607 | D:9      | Noticed Gastronok
 11008 | D:9      | Killed Gastronok
 11525 | D:10     | Entered Level 10 of the Dungeon
 11525 | D:10     | Noticed an oklob plant
 11603 | Lair:1   | Entered Level 1 of the Lair of Beasts
 11702 | Lair:1   | Noticed Grum
 11712 | Lair:1   | Killed Grum
 11946 | Lair:1   | Noticed Fannar
 12066 | Lair:1   | Killed Fannar
 12714 | Lair:2   | Slain by a komodo dragon

Skill      XL: |  1  2  3  4  5  6  7  8  9 10 11 |
---------------+----------------------------------+-----
Spellcasting   | 3 4 5 6 7 8 |  8.0
Conjurations   | 4 5 7 9 11 13 | 13.3
Dodging        | 8 |  8.4
Stealth        | |  2.1

Action                   |  1- 3 |  4- 6 |  7- 9 | 10-12 || total
-------------------------+-------+-------+-------+-------++-------
Melee: Hand axe          |     2 |     4 |       |       ||     6
 Cast: Magic Dart        |    82 |    71 |    40 |    69 ||   262
       Searing Ray       |     1 |    32 |    38 |    48 ||   119
       Iskenderun's Myst |       |       |     1 |    43 ||    44
       Fulminant Prism   |       |       |       |    10 ||    10
Invok: Channel Magic     |       |       |       |     1 ||     1
  Use: Scroll            |       |     4 |     5 |     6 ||    15
Armor: Robe              |     4 |     9 |    10 |    41 ||    64
Dodge: Dodged            |    17 |    39 |    17 |    92 ||   165
